Match 41011188
Unlisted

Match 41011188
End
Kettenkrad Recon Vehicle
Construct Infanterie Kompanie
MG 42 Machine Gun Team
Grenadier Squad
Grenadier Squad
Grenadier Squad
MG 42 Machine Gun Team
Selects Breakthrough Battlegroup
Selects 2.5-tonne Cargo Truck
2.5-tonne Cargo Truck
Construct Luftwaffe Kompanie
Selects Assault Grenadiers
Selects Breakthrough
jenscher89
$kaffa soldier
STALKER4732
Devochkin
0
0

Comments sign in to comment!

No comments posted yet!